 Dungeon Crawl Stone Soup version bcrawl-1.14 (webtiles) character file.

Game seed: 3663564472262662707

170018 MisterOstroum the Toy (level 17, -6/134 HPs)
             Began as a Gnoll Conjurer on Sept 14, 2019.
             Was a Plaything of Xom.
             Engulfed by a ghost crab's spectral mist (8 damage)
             ... on level 3 of the Swamp on Sept 15, 2019.
             The game lasted 03:28:34 (32901 turns).

MisterOstroum the Toy (Gnoll Conjurer)             Turns: 32901, Time: 03:28:35

Health: -6/134     AC: 10    Str: 18    XL:     17   Next: 68%
Magic:  19/33      EV: 21    Int: 27    God:    Xom [.....*]
Gold:   1943       SH:  7    Dex: 19    Spells: 11/40 levels left

rFire    + . .     SeeInvis .   d - +0 demon trident (elec)
rCold    . . .     Gourm    .   i - +0 buckler
rNeg     . . .     Faith    .   I - +0 leather armour {rPois}
rPois    +         Spirit   .   (helmet restricted)
rElec    +         Reflect  .   P - +2 cloak {+Inv}
rCorr    .         Harm     .   n - +2 pair of gloves
MR       ++...     Clarity  +   (no boots)
Stlth    +++.......             V - amulet of magic regeneration
HPRegen  0.72/turn              v - +4 ring of intelligence
MPRegen  0.48/turn              J - ring of wizardry

@: mighty, very slightly contaminated, heavily drained, very slow
A: distributed training, claws 1, fangs 2, horns 1, talons 1, rugged brown
scales 1, agile 1, clarity, deformed body, fire resistance 1, magic resistance
1, mutation resistance 1, sense surroundings 3, regeneration 1, electricity
resistance, strong 1, wild magic 3, MP-powered wands, sturdy frame 2, strong
nose
}: 1/15 runes: serpentine
a: Renounce Religion, Evoke Invisibility


You were on level 3 of the Swamp.
You worshipped Xom.
You were Xom's teddy bear.
You were not hungry.

You visited 4 branches of the dungeon, and saw 21 of its levels.
You also visited: Gauntlet and Ice Cave.

You collected 2409 gold pieces.
You spent 466 gold pieces at shops.

Inventory:

Hand Weapons
 d - a +0 demon trident of electrocution (weapon)
 r - a +0 rapier
Missiles
 l - 310 stones
 C - a throwing net {!f!f}
 H - 281 tomahawks (quivered)
Armour
 f - a +2 cloak of magic resistance
 i - a +0 buckler (worn)
 n - a +2 pair of gloves (worn)
 I - a +0 leather armour of poison resistance (worn)
 P - a +2 cloak of invisibility (worn)
Magical Staves
 a - an uncursed staff of conjuration
 b - an uncursed staff of wizardry
 Z - an uncursed staff of power
Jewellery
 v - a +4 ring of intelligence (left hand)
 G - an uncursed amulet of regeneration
 J - a ring of wizardry (right hand)
 V - an amulet of magic regeneration (around neck)
Wands
 c - a wand of iceblast (5)
 h - a wand of clouds (13)
 m - a wand of digging (14)
 A - a wand of flame (14)
 E - a wand of paralysis (15)
 F - a wand of scattershot (5)
 K - a wand of disintegration (9)
 U - a wand of acid (17)
Scrolls
 o - 3 scrolls of enchant armour
 p - 3 scrolls of fog {!r}
 w - a scroll of acquirement
 x - 3 scrolls of vulnerability
 y - a scroll of summoning
 B - a scroll of silence
 N - 4 scrolls of immolation
 Q - a scroll of torment
 R - 2 scrolls of magic mapping {@r5 !r}
 S - a scroll of fear {!r}
 T - 2 scrolls of remove curse {@r2}
Potions
 g - 4 potions of flight
 j - 8 potions of mutation
 q - a potion of haste {@q4 !q}
 s - 5 potions of curing {@q1 !q}
 t - 4 potions of lignification {@q6}
 u - 3 potions of might {@q3 !q}
 D - 3 potions of cancellation
 L - a potion of agility {@q5 !q}
 W - a potion of resistance
 X - a potion of invisibility
 Y - 4 potions of brilliance
Miscellaneous
 M - 3 phantom mirrors
Comestibles
 e - 25 rations {!d}
 z - 2 chunks of flesh


   Skills:
 + Level 11.5(9.9) Fighting
 + Level 11.5(9.9) Short Blades
 + Level 11.5(9.9) Long Blades
 + Level 11.5(9.9) Axes
 + Level 11.5(9.9) Maces & Flails
 + Level 11.5(9.9) Polearms
 + Level 11.5(9.9) Staves
 + Level 11.5(9.9) Slings
 + Level 11.5(9.9) Bows
 + Level 11.5(9.9) Crossbows
 + Level 11.5(9.9) Throwing
 + Level 11.5(9.9) Armour
 + Level 12.2(10.6) Dodging
 + Level 12.2(10.6) Stealth
 + Level 11.5(9.9) Shields
 + Level 11.5(9.9) Unarmed Combat
 + Level 12.4(10.7) Spellcasting
 + Level 11.9(10.2) Conjurations
 + Level 9.8(8.3) Hexes
 + Level 9.8(8.3) Charms
 + Level 9.8(8.3) Summonings
 + Level 9.8(8.3) Necromancy
 + Level 9.8(8.3) Translocations
 + Level 9.8(8.3) Transmutations
 + Level 9.8(8.3) Fire Magic
 + Level 9.8(8.3) Ice Magic
 + Level 9.8(8.3) Air Magic
 + Level 9.8(8.3) Earth Magic
 + Level 9.8(8.3) Poison Magic
 + Level 12.4(10.7) Invocations
 + Level 11.5(9.9) Evocations


You had 11 spell levels left.
You knew the following spells:

 Your Spells              Type           Power        Failure   Level  Hunger
a - Magic Dart            Conj           ####         1%          1    None
b - Icicle Burst          Conj/Ice       #######...   47%         7    ######.
c - Iskenderun's Mystic   Conj           #######.     1%          3    None
d - Irradiate             Conj/Tmut      #######...   4%          5    ###....
e - Confuse               Hex            #######.     1%          3    None
f - Slow                  Hex            #######.     1%          1    None
g - Borgnjor's Vile Clut  Necr/Erth      #######...   21%         6    #####..
i - Tukima's Dance        Hex            #######.     1%          3    None

Your spell library contained the following spells:

 Spells                   Type           Power        Failure   Level  Hunger
 Apportation              Tloc           ######       1%          1    None
 Corona                   Hex            #######      1%          1    None
 Flame Tongue             Conj/Fire      #####        1%          1    None
 Infusion                 Chrm           #######.     1%          1    None
 Sandblast                Erth           ######       1%          1    None
 Shock                    Conj/Air       #####        1%          1    None
 Sting                    Conj/Pois      ####         1%          1    None
 Summon Butterflies       Summ           #######.     1%          1    None
 Ensorcelled Hibernation  Hex/Ice        ######       1%          2    None
 Passwall                 Tmut/Erth      #######.     1%          2    None
 Poisonous Vapours        Pois/Air       ######       1%          2    None
 Searing Ray              Conj           ######       1%          2    None
 Swiftness                Chrm/Air       #######.     1%          2    None
 Throw Frost              Conj/Ice       ######       1%          2    None
 Conjure Flame            Conj/Fire      #######.     1%          3    None
 Dazzling Spray           Conj/Hex       ######       1%          3    None
 Ignite Poison            Fire/Tmut/Pois #######.     1%          3    None
 Inner Flame              Hex/Fire       N/A          1%          3    None
 Recall                   Summ/Tloc      N/A          1%          3    None
 Static Discharge         Air            #######.     1%          3    None
 Stone Arrow              Conj/Erth      ######       1%          3    None
 Fulminant Prism          Conj/Hex       #######...   2%          4    None
 Sticky Flame             Conj/Fire      #######.     2%          4    None
 Airstrike                Air            #######...   3%          4    None
 Animate Dead             Necr           N/A          3%          4    None
 Olgreb's Toxic Radiance  Pois           #######.     3%          4    None
 Petrify                  Tmut/Erth      #######.     3%          4    None
 Summon Scorpions         Summ/Pois      #######.     3%          4    None
 Fireball                 Conj/Fire      #######...   4%          5    ###....
 Lightning Bolt           Conj/Air       #######...   4%          5    ###....
 Venom Bolt               Conj/Pois      #######...   4%          5    ###....
 Lee's Rapid Deconstruct  Erth           #######...   6%          5    ###....
 Death Channel            Necr           #######...   21%         6    #####..
 Ozocubu's Refrigeration  Ice            #######...   21%         6    #####..
 Simulacrum               Ice/Necr       #######...   21%         6    #####..


Dungeon Overview and Level Annotations

Branches:
Dungeon (10/12)            Temple (0/1) D:5            Lair (5/6) D:8
  Swamp (3/3) Lair:4        Snake (3/3) Lair:4
  Slime: Lair:5-6       Orc: D:8-11

Altars:
Ashenzari
Elyvilon
Fedhas
Gozag
Kikubaaqudgha
Lugonu
Qazlal
Ru
Uskayaw
Wu Jian
Xom
Zin
The Shining One

Shops:
D:6 :   D:7 (   D:8 (   D:9 *   Snake:2 *?}}=

Annotations:
D:2 1 runed door, exclusion: door
Swamp:1 exclusion: thorn hunter


Innate Abilities, Weirdness & Mutations

Your experience applies equally to all skills.
You have extremely sharp teeth.
Your uncanny sense of smell can sniff out nearby items.
You have sharp fingernails.
You have a pair of small horns on your head.
You have sharp toenails.
You are partially covered in rugged brown scales. (AC +1, +3% HP)
You are agile. (Dex +2)
You possess an exceptional clarity of mind.
Armour fits poorly on your strangely shaped body.
Your flesh is heat resistant. (rF+)
You are resistant to hostile enchantments. (MR+)
You are somewhat resistant to further mutation.
You passively map a large area around you.
Your natural rate of healing is unusually fast.
You are resistant to electric shocks. (rElec)
Your muscles are strong. (Str +2)
Your spells are much harder to cast, but much more powerful.
You expend magic power (3 MP) to strengthen your wands.
Your movements are less encumbered by armour. (ER -4)


Message History

Unknown command.
You swap places.
You are engulfed in spectral mist.
* * * LOW HITPOINT WARNING * * *
The spectral spriggan druid fades away! x2
Your ufetubus is engulfed in spectral mist.
Your ufetubus dies!
The spectral five-headed hydra bites your orange demon!
The spectral five-headed hydra completely misses your orange demon.
The spectral five-headed hydra barely misses your orange demon.
The spectral five-headed hydra bites your orange demon!
Your orange demon dies!
Your ufetubus splashes around in the water. x2
Your white imp is engulfed in spectral mist.
Your white imp dies!
Your ufetubus splashes around in the water.
Your ufetubus completely misses the ghost crab.
The spectral eight-headed hydra closely misses you.
The spectral eight-headed hydra completely misses you.
You block the spectral eight-headed hydra's attack.
The spectral eight-headed hydra bites you but does no damage.
The spectral eight-headed hydra bites you.
* * * LOW HITPOINT WARNING * * *
The spectral eight-headed hydra bites you.
* * * LOW HITPOINT WARNING * * *
The spectral eight-headed hydra closely misses you.
You block the spectral eight-headed hydra's attack.
Really quaff
s - 6 potions of curing {@q1 !q}?
Okay, then.
Blink to where?
Press: ? - help, Dir - move target cursor, p - ghost crab
As you read the scroll of blinking {@r4}, it crumbles to dust.
Really quaff
s - 6 potions of curing {@q1 !q}? [Y]es or [N]o only, please.
Really quaff
s - 6 potions of curing {@q1 !q}?
Okay, then.
The spectral eight-headed hydra fades away!
You enter the shallow water.
Moving in this stuff is going to be slow.
The spectral spriggan druid fades away!
Attack whom?
Press: ? - help, Dir - move target cursor, f - ghost crab
Aim: a ghost crab (moderately damaged)
You hit the ghost crab.
You claw the ghost crab, but do no damage.
The ghost crab is moderately damaged.
The ghost crab misses you. The ghost crab barely misses you.
Attack whom?
Press: ? - help, Dir - move target cursor, f/p - ghost crab
Aim: a ghost crab (moderately damaged)
You hit the ghost crab but do no damage.
You claw the ghost crab, but do no damage.
You headbutt the ghost crab, but do no damage.
The ghost crab is moderately damaged.
The ghost crab breathes spectral mist at you.
The spectral mist engulfs you!
Attack whom?
Press: ? - help, Dir - move target cursor, f/p - ghost crab
Aim: a ghost crab (spectral mist, moderately damaged)
You hit the ghost crab.
The ghost crab is moderately damaged.
You are engulfed in spectral mist.
* * * LOW HITPOINT WARNING * * *
The ghost crab breathes spectral mist at you.
The spectral mist engulfs you!
Attack whom?
Press: ? - help, Dir - move target cursor, f/p - ghost crab
Aim: a ghost crab (spectral mist, moderately damaged)
You hit the ghost crab. Your kick misses the ghost crab.
The ghost crab is heavily damaged.
You are engulfed in spectral mist.
* * * LOW HITPOINT WARNING * * *
Really quaff
s - 6 potions of curing {@q1 !q}?
You feel better.
You are engulfed in spectral mist.
* * * LOW HITPOINT WARNING * * *
The ghost crab breathes spectral mist at you.
The spectral mist engulfs you!
The spectral alligator bites you but does no damage.
You block the spectral alligator's attack.
Really quaff
u - 4 potions of might {@q3 !q}?
You feel very mighty all of a sudden.
You are engulfed in spectral mist.
* * * LOW HITPOINT WARNING * * *
The ghost crab closely misses you. The ghost crab claws you.
* * * LOW HITPOINT WARNING * * *
You feel drained.
* * * LOW HITPOINT WARNING * * *
The spectral alligator completely misses you.
The spectral alligator tail-slaps you!
* * * LOW HITPOINT WARNING * * *
Unknown command.
Okay, then.
Blink to where?
Press: ? - help, Dir - move target cursor, p - ghost crab
As you read the scroll of blinking {@r4}, it crumbles to dust.
The ghost crab breathes spectral mist at you.
The spectral mist engulfs you!
You enter the shallow water.
Moving in this stuff is going to be slow.
You are engulfed in spectral mist.
You die...

♣♣.≈≈§≈...≈≈≈≈≈...♣§..≈..≈≈
♣.≈≈≈§≈≈.≈≈≈≈≈≈≈..♣♣♣≈.≈≈≈.
♣♣≈≈≈≈≈≈≈.≈≈≈.≈○°♣♣♣♣≈.t≈≈≈≈
♣.≈≈≈.≈≈..)..§○○♣t♣♣..≈≈≈.♣♣
♣♣...≈≈≈....)≈Z°○♣.t.§≈≈≈≈♣♣
♣♣♣...♣♣..≈≈§≈☼§☼♣♣....≈≈≈..≈
♣....≈♣.≈≈○§☼§♣♣♣♣♣♣♣♣≈.≈≈≈≈.
♣♣..≈♣♣≈.§≈○§§♣♣♣♣♣♣♣♣♣.≈≈≈≈≈
♣♣♣♣♣♣♣≈.☼§@♣..≈♣..♣ ♣≈≈≈≈≈≈
♣≈.†≈≈☼≈.......♣♣♣≈≈≈≈≈≈
♣♣.≈.♣♣♣≈..≈≈≈≈≈.♣♣..≈≈≈.
♣♣♣..≈≈.≈♣♣♣.≈≈≈≈≈≈≈....≈..
♣♣♣..≈≈≈≈.♣♣♣§≈≈≈≈≈≈≈..≈≈≈.♣♣
♣♣≈..≈≈≈≈.≈♣♣♣♣≈≈≈≈≈≈≈♣♣♣♣≈♣♣♣
♣♣≈...≈≈≈....≈♣♣♣..≈...≈♣
♣♣♣♣♣
♣≈...≈≈≈≈≈≈≈≈≈.≈≈.≈≈≈...♣ ♣≈≈
♣♣.≈≈....≈≈≈≈≈§...≈≈≈≈..♣♣ ♣♣♣


You could see a spectral alligator.

Vanquished Creatures
  Vashnia (Snake:3)
  Nikola (Swamp:3)
  A thorn hunter (Swamp:2)
  10 nagarajas
  Louise (Snake:3)
  A dire elephant (Lair:4)
  2 minotaurs
  3 green deaths
  A blizzard demon (Gauntlet)
  2 ghost crabs (Swamp:3)
  5 hydras
  A hell beast (Swamp:3)
  4 anacondas
  21 naga warriors
  2 catoblepae
  A centaur warrior (D:9)
  2 two-headed ogres
  4 shambling mangroves
  8 alligators
  6 death yaks (Lair:3)
  The ghost of Beaer the Covert, a journeyman VSFi of Uskayaw (Lair:2)
  2 shock serpents
  A thrashing horror (Swamp:3)
  Urug (Lair:4)
  9 naga sharpshooters
  2 salamander mystics
  A death drake (Swamp:3)
  5 swamp dragons
  3 spriggan druids (Swamp:2)
  Pikel (D:4)
  5 naga ritualists
  An ugly thing (IceCv)
  11 mana vipers
  2 oklob plants (Lair:5)
  12 elephants (Lair:4)
  A manticore (D:9)
  4 salamanders
  A moth of wrath (Snake:2)
  20 black mambas
  Maurice (D:9)
  11 naga magi
  9 guardian serpents
  A centaur skeleton (D:10)
  A centaur zombie (D:9)
  2 orange demons
  13 cane toads
  6 komodo dragons
  A kobold demonologist (D:8)
  2 rime drakes
  2 ice devils (Gauntlet)
  4 trolls
  5 tyrant leeches
  Grinder (D:4)
  8 hornets
  23 slime creatures
  18 blink frogs
  3 hippogriffs
  9 bog bodies
  Sigmund (D:5)
  4 shadows
  A large abomination (Swamp:3)
  4 spriggans
  A vampire (D:8)
  3 basilisks
  33 yaks
  4 hungry ghosts
  2 steam dragons
  13 vampire mosquitoes
  3 wargs
  9 insubstantial wisps
  36 nagas
  13 swamp worms
  Duvessa (D:4)
  13 water moccasins
  11 porcupines
  8 swamp drakes
  3 orc warriors
  8 ice beasts
  A hornet zombie (D:8)
  A black bear (D:4)
  2 sky beasts
  6 ogres
  2 phantoms
  18 wolves (Lair:2)
  3 centaurs
  10 crocodiles
  12 bullfrogs
  7 big kobolds
  Dowan (D:4)
  2 scorpions
  3 killer bees (D:5)
  3 wights (D:7)
  A vampire bat (Lair:3)
  4 crimson imps
  4 orc priests
  4 hounds
  4 jellies
  A gnoll shaman (D:4)
  6 orc wizards
  3 iguanas
  5 worker ants
  A hound zombie (D:8)
  2 howler monkey skeletons
  2 howler monkey zombies (D:5)
  3 worker ant zombies
  4 gnolls (D:4)
  5 adders
  2 shadow imps (D:8)
  12 white imps (Lair:5)
  2 oozes
  An adder zombie (D:5)
  An adder skeleton (D:6)
  2 worms
  A dart slug (D:2)
  4 leopard geckos
  27 orcs
  A giant cockroach (D:3)
  7 goblins
  12 hobgoblins
  6 jackals
  2 quokkas
  3 ball pythons
  16 bats
  5 frilled lizards
  A jackal zombie (D:5)
  36 kobolds
  8 kobold skeletons (D:8)
  9 kobold zombies (D:8)
  3 rats (D:1)
  4 fungi
  4 plants
740 creatures vanquished.

Vanquished Creatures (collateral kills)
  A naga warrior (Snake:3)
  A shock serpent (Snake:3)
  A salamander mystic (Snake:3)
  2 naga ritualists (Snake:3)
  An elephant (Lair:4)
  A manticore (D:9)
  3 naga magi (Snake:3)
  A tyrant leech (Swamp:3)
  2 slime creatures (Swamp:3)
  An insubstantial wisp (Swamp:3)
  10 nagas
  A crocodile (Lair:2)
  A kobold skeleton (D:8)
26 creatures vanquished.

Vanquished Creatures (others)
  6 dancing weapons
  A blink frog (Swamp:3)
  3 slaves (D:4)
  A big kobold (D:8)
  An orc (D:4)
  A bush (Lair:2)
  65 fungi
  38 plants
116 creatures vanquished.

Grand Total: 882 creatures vanquished

Notes
Turn   | Place    | Note
-------+----------+-------------------------------------------
     0 | D:1      | MisterOstroum the Gnoll Conjurer began the quest for the
                  | Orb.
     0 | D:1      | Reached XP level 1. HP: 13/13 MP: 6/6
   116 | D:1      | Reached XP level 2. HP: 19/19 MP: 0/7
   120 | D:1      | Learned a level 2 spell: Searing Ray
   594 | D:1      | Reached XP level 3. HP: 25/25 MP: 5/9
   600 | D:1      | Learned a level 3 spell: Iskenderun's Mystic Blast
   668 | D:1      | Reached skill level 5 in Spellcasting
  1290 | D:2      | Found a shimmering altar of Xom.
  1298 | D:2      | Became a worshipper of Xom of Chaos
  1315 | D:2      | Reached skill level 1 in Invocations
  1523 | D:2      | Found a runed door.
  1653 | D:2      | XOM: cast spell 'Summon Small Mammal'
  1660 | D:2      | Reached skill level 1 in Fighting
  1660 | D:2      | Reached skill level 1 in Short Blades
  1660 | D:2      | Reached skill level 1 in Long Blades
  1660 | D:2      | Reached skill level 1 in Axes
  1660 | D:2      | Reached skill level 1 in Maces & Flails
  1660 | D:2      | Reached skill level 1 in Polearms
  1660 | D:2      | Reached skill level 1 in Staves
  1660 | D:2      | Reached skill level 1 in Slings
  1660 | D:2      | Reached skill level 1 in Bows
  1660 | D:2      | Reached skill level 1 in Crossbows
  1660 | D:2      | Reached skill level 1 in Throwing
  1660 | D:2      | Reached skill level 1 in Armour
  1660 | D:2      | Reached skill level 1 in Shields
  1660 | D:2      | Reached skill level 1 in Unarmed Combat
  1660 | D:2      | Reached skill level 1 in Evocations
  1660 | D:2      | Reached XP level 4. HP: 25/32 MP: 0/11
  2175 | D:2      | XOM: divination: magic mapping
  2277 | D:2      | XOM: scenery: create altars
  2320 | D:3      | Reached skill level 1 in Hexes
  2320 | D:3      | Reached skill level 1 in Charms
  2320 | D:3      | Reached skill level 1 in Summonings
  2320 | D:3      | Reached skill level 1 in Necromancy
  2320 | D:3      | Reached skill level 1 in Translocations
  2320 | D:3      | Reached skill level 1 in Transmutations
  2320 | D:3      | Reached skill level 1 in Fire Magic
  2320 | D:3      | Reached skill level 1 in Ice Magic
  2320 | D:3      | Reached skill level 1 in Air Magic
  2320 | D:3      | Reached skill level 1 in Earth Magic
  2320 | D:3      | Reached skill level 1 in Poison Magic
  2517 | D:3      | Noticed a centaur
  2527 | D:3      | Killed a centaur
  2527 | D:3      | Reached XP level 5. HP: 26/37 MP: 0/12
  2729 | D:3      | XOM: scenery: create altars
  2761 | D:3      | Learned a level 3 spell: Confuse
  2789 | D:3      | XOM: give mutations
  2789 | D:3      | Gained mutation: You are resistant to electric shocks.
                  | (rElec) [Xom's grace]
  2789 | D:3      | Gained mutation: You have extremely sharp teeth. [Xom's
                  | grace]
  2820 | D:3      | Found a faded altar of an unknown god.
  2980 | D:3      | Reached XP level 6. HP: 44/44 MP: 9/13
  2993 | D:3      | XOM is BORED!
  2993 | D:3      | XOM: severe Fire miscast
  3347 | D:3      | XOM: 1-stop teleportation journey
  3397 | D:3      | XOM: cloud trail
  3458 | D:3      | XOM: scenery: create altars
  3627 | D:3      | Found an ancient bone altar of Kikubaaqudgha.
  3627 | D:3      | Found a glowing golden altar of the Shining One.
  3639 | D:3      | Found a white marble altar of Elyvilon.
  3641 | D:3      | Found a stormy altar of Qazlal.
  3643 | D:3      | Found a hide-covered altar of Uskayaw.
  3762 | D:3      | XOM: give mutation
  3762 | D:3      | Gained mutation: You have sharp fingernails. [Xom's grace]
  3850 | D:4      | Noticed a sky beast
  3860 | D:4      | Killed a sky beast
  3860 | D:4      | Reached skill level 5 in Dodging
  3860 | D:4      | Reached skill level 5 in Stealth
  4079 | D:4      | Noticed a black bear
  4084 | D:4      | Killed a black bear
  4084 | D:4      | Reached XP level 7. HP: 50/50 MP: 6/15
  4188 | D:4      | Noticed Dowan
  4191 | D:4      | Noticed Duvessa
  4195 | D:4      | Noticed Pikel
  4238 | D:4      | XOM: scenery: create altars
  4275 | D:4      | XOM: confuse monster(s)
  4286 | D:4      | Killed Pikel
  4286 | D:4      | Reached XP level 8. HP: 21/58 MP: 1/16
  4481 | D:4      | XOM: divination: magic mapping
  4515 | D:4      | Noticed Grinder
  4542 | D:4      | XOM: 3-stop teleportation journey
  4584 | D:4      | Found an opulent altar of Gozag.
  4680 | D:4      | XOM: scenery: create altars
  4977 | D:4      | Killed Duvessa
  5007 | D:4      | Killed Dowan
  5105 | D:4      | XOM: scenery: create altars
  5136 | D:4      | XOM: mild Chrm miscast
  5258 | D:4      | XOM: give mutation
  5258 | D:4      | Gained mutation: Your flesh is heat resistant. (rF+) [Xom's
                  | grace]
  5388 | D:4      | XOM: cloud trail
  5447 | D:4      | Killed Grinder
  5604 | D:5      | Entered Level 5 of the Dungeon
  5628 | D:5      | Found a staircase to the Ecumenical Temple.
  5678 | D:5      | Reached XP level 9. HP: 56/65 MP: 2/18
  5982 | D:5      | XOM: 6-stop teleportation journey
  6199 | D:5      | Found a corrupted altar of Lugonu.
  6237 | D:5      | XOM: god gift: 131 sling bullets
  6253 | D:5      | Found a blossoming altar of Fedhas.
  6263 | D:5      | XOM: give mutations
  6263 | D:5      | Gained mutation: You have large cloven feet. [Xom's grace]
  6263 | D:5      | Gained mutation: You are robust. (+10% HP) [Xom's grace]
  6304 | D:5      | XOM: god gift: long glowing staff {god gift}
  6342 | D:5      | Noticed Sigmund
  6346 | D:5      | Killed Sigmund
  6408 | D:5      | XOM: medium Summ miscast
  6409 | D:5      | Noticed an ice devil
  6472 | D:6      | Learned a level 5 spell: Irradiate
  6821 | D:6      | XOM: noise
  6824 | D:6      | XOM: cloud trail
  6841 | D:6      | XOM: silly message
  6975 | D:6      | XOM: harmless Erth miscast
  7073 | D:6      | Noticed a two-headed ogre
  7090 | D:6      | Identified Daniz's Tome of the Glacier and Good Luck
  7181 | D:6      | Killed a two-headed ogre
  7181 | D:6      | Reached skill level 5 in Invocations
  7186 | D:6      | XOM: harmless Fire miscast
  7221 | D:6      | XOM: harmless Chrm miscast
  7310 | D:6      | Found a shattered altar of Ashenzari.
  7313 | D:6      | XOM: silly message
  7431 | D:6      | Found Toosteni's Book Boutique.
  7631 | D:7      | Reached XP level 10. HP: 80/80 MP: 10/20
  7708 | D:7      | XOM: divination: detect items
  7937 | D:7      | XOM: god gift: weird jewelled staff {god gift}
  7952 | D:7      | XOM: medium Tmut miscast
  8066 | D:7      | Reached skill level 5 in Fighting
  8066 | D:7      | Reached skill level 5 in Short Blades
  8066 | D:7      | Reached skill level 5 in Long Blades
  8066 | D:7      | Reached skill level 5 in Axes
  8066 | D:7      | Reached skill level 5 in Maces & Flails
  8066 | D:7      | Reached skill level 5 in Polearms
  8066 | D:7      | Reached skill level 5 in Staves
  8066 | D:7      | Reached skill level 5 in Slings
  8066 | D:7      | Reached skill level 5 in Bows
  8066 | D:7      | Reached skill level 5 in Crossbows
  8066 | D:7      | Reached skill level 5 in Throwing
  8066 | D:7      | Reached skill level 5 in Armour
  8066 | D:7      | Reached skill level 5 in Shields
  8066 | D:7      | Reached skill level 5 in Unarmed Combat
  8066 | D:7      | Reached skill level 5 in Evocations
  8174 | D:7      | Found Jucusaeb's Antique Weapon Shoppe.
  8878 | D:7      | XOM: mild Fire miscast
  9417 | D:8      | Found Meose's Antique Weapon Shoppe.
  9813 | D:8      | XOM: confuse monster(s)
  9921 | D:8      | Found a sacrificial altar of Ru.
  9952 | D:8      | XOM: divination: detect creatures
  9964 | D:8      | XOM: divination: detect creatures
  9973 | D:8      | XOM: mild Conj miscast
 10325 | D:8      | Found a staircase to the Lair.
 10325 | D:8      | Noticed a catoblepas
 10391 | D:8      | XOM: medium Fire miscast
 10418 | D:8      | XOM: harmless Air miscast
 10611 | D:8      | Reached XP level 11. HP: 89/89 MP: 10/22
 10782 | D:8      | XOM: cast spell 'Discord'
 10802 | D:8      | XOM: noise
 10876 | D:8      | XOM: mild Tloc miscast
 10922 | D:9      | Noticed a centaur warrior
 10927 | D:9      | Noticed a manticore
 10930 | D:9      | Killed a centaur warrior
 11135 | D:9      | XOM: summons 6 friendly demons
 11142 | D:9      | Killed a manticore
 11142 | D:9      | Reached skill level 5 in Hexes
 11142 | D:9      | Reached skill level 5 in Charms
 11142 | D:9      | Reached skill level 5 in Summonings
 11142 | D:9      | Reached skill level 5 in Necromancy
 11142 | D:9      | Reached skill level 5 in Translocations
 11142 | D:9      | Reached skill level 5 in Transmutations
 11142 | D:9      | Reached skill level 5 in Fire Magic
 11142 | D:9      | Reached skill level 5 in Ice Magic
 11142 | D:9      | Reached skill level 5 in Air Magic
 11142 | D:9      | Reached skill level 5 in Earth Magic
 11142 | D:9      | Reached skill level 5 in Poison Magic
 11188 | D:9      | XOM: noise
 11212 | D:9      | Noticed a manticore
 11214 | D:9      | XOM: summons 3 hostile shadow creatures
 11218 | D:9      | Killed a manticore
 11344 | D:10     | Entered Level 10 of the Dungeon
 11368 | D:10     | Noticed an orc knight
 11388 | D:9      | XOM: potion effect (might)
 11499 | D:8      | XOM: divination: detect creatures
 11655 | D:8      | XOM: harmless Necr miscast
 11695 | D:8      | Killed a catoblepas
 11696 | D:8      | XOM: summons friendly crimson imp
 11699 | D:8      | XOM: swap monsters
 11715 | D:8      | XOM: fog
 11940 | D:8      | XOM: torment (46/89 hp)
 12056 | D:8      | XOM: mild Hex miscast
 12632 | D:8      | XOM: scenery: create altars
 12695 | D:8      | XOM: summons 1 hostile shadow creature
 12847 | D:8      | XOM is BORED!
 12847 | D:8      | XOM: severe Air miscast
 12870 | D:8      | XOM: scenery: 2 doors close
 12947 | D:8      | Found an ancient bone altar of Kikubaaqudgha.
 13348 | D:9      | Noticed a two-headed ogre
 13358 | D:9      | XOM: confuse monster(s)
 13368 | D:9      | Killed a two-headed ogre
 13386 | D:9      | XOM: 3-stop teleportation journey
 13388 | D:9      | Found the +10 dark maul {crush}
 13457 | D:9      | Learned a level 1 spell: Slow
 13553 | D:9      | Found Zin's Purification Station.
 13558 | D:9      | Found a glowing silver altar of Zin.
 13642 | D:9      | XOM: scenery: create altars
 13643 | D:9      | XOM: 5-stop teleportation journey
 13643 | D:9      | Noticed Maurice
 13646 | D:9      | Killed Maurice
 13936 | D:9      | XOM: destruction
 13945 | D:9      | Reached XP level 12. HP: 83/97 MP: 1/24
 14097 | D:9      | XOM: god gift: 128 arrows
 14115 | D:9      | Found an ornate altar of the Wu Jian Council.
 14292 | Lair:1   | Entered Level 1 of the Lair of Beasts
 14373 | Lair:1   | Noticed a seven-headed hydra
 14380 | Lair:1   | XOM: summons 5 friendly demons
 14411 | Lair:1   | Killed a seven-headed hydra
 14542 | Lair:1   | XOM: cloud trail
 14888 | Lair:1   | XOM: god gift: robe {god gift}
 15042 | Lair:1   | XOM: give mutations
 15042 | Lair:1   | Gained mutation: You expend magic power (3 MP) to
                  | strengthen your wands. [Xom's grace]
 15042 | Lair:1   | Gained mutation: You are partially covered in rugged brown
                  | scales. (AC +1, +3% HP) [Xom's grace]
 15085 | Lair:1   | XOM: give mutation
 15085 | Lair:1   | Gained mutation: You possess an exceptional clarity of
                  | mind. [Xom's grace]
 15127 | Lair:1   | XOM: god gift: leather armour {god gift}
 15502 | Lair:2   | XOM: give mutations
 15502 | Lair:2   | Gained mutation: Your movements are slightly less
                  | encumbered by armour. (ER -2) [Xom's grace]
 15502 | Lair:2   | Gained mutation: Your movements are less encumbered by
                  | armour. (ER -4) [Xom's grace]
 15502 | Lair:2   | Gained mutation: You passively map a small area around you.
                  | [Xom's grace]
 15502 | Lair:2   | Gained mutation: You are somewhat resistant to further
                  | mutation. [Xom's grace]
 15755 | Lair:2   | Noticed a minotaur
 15757 | Lair:2   | Noticed Beaer's ghost (journeyman VSFi)
 15759 | Lair:2   | Noticed a seven-headed hydra
 15771 | Lair:2   | XOM: summons friendly quasit
 15786 | Lair:2   | XOM: smoke on damage
 15850 | Lair:2   | XOM: stat loss: -1 Int (21/22)
 15945 | Lair:2   | XOM: god gift: 146 arrows
 16095 | Lair:2   | XOM: 5-stop teleportation journey
 16152 | Lair:2   | XOM: enchant monster (good)
 16174 | Lair:2   | XOM: god gift: 201 arrows
 16420 | Lair:2   | XOM: cast spell 'Shadow Creatures'
 16484 | Lair:2   | XOM: enchant monster (bad)
 16751 | Lair:2   | XOM: mild Ice miscast
 17070 | Lair:2   | XOM: silly message
 17107 | Lair:2   | XOM: give mutations
 17107 | Lair:2   | Gained mutation: Your spells are a little harder to cast,
                  | but a little more powerful. [Xom's mischief]
 17107 | Lair:2   | Lost mutation: You are robust. (+10% HP) [Xom's mischief]
 17107 | Lair:2   | Gained mutation: Armour fits poorly on your strangely
                  | shaped body. [Xom's mischief]
 17107 | Lair:2   | Lost mutation: You are somewhat resistant to further
                  | mutation. [Xom's mischief]
 17202 | Lair:2   | Found a runed translucent gate.
 17203 | Lair:2   | Found a runed translucent gate.
 17204 | Lair:2   | Found a runed translucent gate.
 17352 | Lair:2   | XOM: cleaving
 17375 | Lair:2   | Killed Beaer's ghost
 17476 | Lair:2   | XOM: harmless Erth miscast
 17523 | Lair:2   | Killed a seven-headed hydra
 17576 | Lair:2   | Killed a minotaur
 17576 | Lair:2   | Reached XP level 13. HP: 76/100 MP: 13/26
 17699 | Lair:3   | XOM: enchant monster (good)
 17906 | Lair:3   | XOM: divination: detect items
 18072 | Lair:3   | XOM: 4-stop teleportation journey
 18081 | Lair:3   | XOM: divination: detect creatures
 18171 | Lair:3   | XOM: summons 2 friendly demons
 18407 | Lair:3   | Got a crude quarterstaff
 18564 | Lair:3   | XOM: mild Conj miscast
 19133 | Lair:4   | XOM: mild Air miscast
 19180 | Lair:4   | Found a staircase to the Snake Pit.
 19191 | Lair:4   | Reached skill level 10 in Conjurations
 19301 | Lair:4   | Noticed Urug
 19304 | Lair:4   | XOM: summons 6 friendly demons
 19306 | Lair:4   | XOM: confuse monster(s)
 19309 | Lair:4   | Killed Urug
 19424 | Lair:4   | XOM: mild Hex miscast
 19511 | Lair:4   | XOM: fog
 19538 | Lair:4   | XOM: divination: detect items
 19656 | Lair:4   | XOM: harmless Air miscast
 19657 | Lair:4   | Noticed a dire elephant
 19677 | Lair:4   | Killed a dire elephant
 19922 | Lair:4   | Reached skill level 10 in Spellcasting
 19949 | Lair:4   | XOM: cloud trail
 19954 | Lair:4   | Found a staircase to the Swamp.
 20022 | Lair:4   | Reached XP level 14. HP: 109/109 MP: 15/28
 20398 | Lair:4   | XOM: give mutations
 20398 | Lair:4   | Gained mutation: Your spells are harder to cast, but more
                  | powerful. [Xom's grace]
 20398 | Lair:4   | Gained mutation: You passively map the area around you.
                  | [Xom's grace]
 20398 | Lair:4   | Gained mutation: Your natural rate of healing is unusually
                  | fast. [Xom's grace]
 20548 | Lair:5   | XOM: smoke on damage
 20645 | Lair:5   | Reached skill level 10 in Dodging
 20645 | Lair:5   | Reached skill level 10 in Stealth
 20668 | Lair:5   | Found a frozen archway.
 20684 | IceCv    | Entered an ice cave
 20692 | IceCv    | Found a transporter.
 20768 | IceCv    | Learned a level 6 spell: Borgnjor's Vile Clutch
 20791 | IceCv    | XOM: butterfly on damage
 20838 | Lair:5   | Found a gate leading to a gauntlet.
 20848 | Gauntlet | Entered a Gauntlet
 20848 | Gauntlet | Found a transporter.
 20848 | Gauntlet | Found a transporter.
 20910 | Gauntlet | Found a transporter.
 20916 | Gauntlet | Found a transporter.
 20926 | Gauntlet | Found a transporter.
 20947 | Gauntlet | Found a transporter.
 20963 | Gauntlet | Found a transporter.
 20980 | Gauntlet | Found a transporter.
 20999 | Gauntlet | Found a transporter.
 21022 | Gauntlet | Found a transporter.
 21025 | Gauntlet | XOM: god gift: 39 gold pieces
 21056 | Gauntlet | XOM: fog
 21059 | Gauntlet | XOM: confuse monster(s)
 21223 | Gauntlet | XOM: give mutations
 21223 | Gauntlet | Gained mutation: You are agile. (Dex +2) [Xom's grace]
 21223 | Gauntlet | Gained mutation: You have hoof-like feet. [Xom's grace]
 21223 | Gauntlet | Gained mutation: Your spells are much harder to cast, but
                  | much more powerful. [Xom's grace]
 21250 | Gauntlet | Learned a level 7 spell: Icicle Burst
 21265 | Gauntlet | XOM: harmless Chrm miscast
 21293 | Gauntlet | Found the +6 shillelagh "Devastator" {shatter}
 22098 | Lair:5   | XOM: give mutation
 22098 | Lair:5   | Gained mutation: You are resistant to hostile enchantments.
                  | (MR+) [Xom's grace]
 22126 | Snake:1  | Entered Level 1 of the Snake Pit
 22139 | Snake:1  | XOM: god gift: encrusted great sword {god gift}
 22140 | Snake:1  | Got an encrusted great sword {god gift}
 22140 | Snake:1  | XOM: give mutations
 22140 | Snake:1  | Gained mutation: You have a pair of small horns on your
                  | head. [Xom's grace]
 22140 | Snake:1  | Gained mutation: You passively map a large area around you.
                  | [Xom's grace]
 22146 | Snake:1  | Identified the +1 great sword of Bergheno {pain, rF+ Int+6}
                  | (Xom gifted it to you on level 1 of the Snake Pit)
 22174 | Snake:1  | XOM: 7-stop teleportation journey
 22192 | Snake:1  | XOM: scenery: create altars
 22211 | Snake:1  | Reached skill level 10 in Invocations
 22436 | Snake:1  | XOM: scenery: create altars
 22604 | Snake:1  | XOM: scenery: create altars
 22748 | Snake:1  | XOM: cloud trail
 22864 | Snake:1  | Noticed a nagaraja
 22875 | Snake:1  | XOM: divination: detect creatures
 22887 | Snake:1  | Killed a nagaraja
 22887 | Snake:1  | XOM: cleaving
 22888 | Snake:1  | XOM: noise
 23074 | Snake:1  | XOM: harmless Chrm miscast
 23135 | Snake:1  | XOM: mild Summ miscast
 23235 | Snake:1  | XOM: draining
 23328 | Snake:1  | Noticed a nagaraja
 23354 | Snake:1  | XOM: blink monster(s)
 23356 | Snake:1  | Killed a nagaraja
 23356 | Snake:1  | Reached XP level 15. HP: 115/117 MP: 15/29
 23385 | Snake:1  | XOM: polymorph anaconda -> slime creature
 23564 | Snake:1  | XOM: harmless Conj miscast
 23745 | Snake:1  | XOM: medium Pois miscast
 23805 | Snake:1  | Learned a level 3 spell: Tukima's Dance
 24338 | Lair:3   | XOM is BORED!
 24338 | Lair:3   | XOM: stat loss: -2 Str (9/11)
 24424 | Snake:2  | Found Kaiph's Gadget Emporium.
 24426 | Snake:2  | XOM: cast spell 'Summon Butterflies'
 24543 | Snake:2  | XOM: give mutations
 24543 | Snake:2  | Lost mutation: You are resistant to hostile enchantments.
                  | (MR+) [Xom's mischief]
 24543 | Snake:2  | Lost mutation: You have hoof-like feet. [Xom's mischief]
 24543 | Snake:2  | Lost mutation: You have large cloven feet. [Xom's mischief]
 24790 | Snake:2  | Found Tobrihel's Magic Scroll Shoppe.
 24801 | Snake:2  | XOM: fog
 24853 | Snake:2  | XOM: god gift: 600 gold pieces
 24899 | Snake:2  | Bought a scroll of identify for 38 gold pieces
 24899 | Snake:2  | Bought a scroll of identify for 38 gold pieces
 24907 | Snake:2  | Found Jodam's Assorted Antiques.
 25043 | Snake:2  | XOM: summons friendly ufetubus
 25079 | Snake:2  | XOM: cloud trail
 25111 | Snake:2  | XOM: divination: detect items
 25153 | Snake:2  | XOM: noise
 25535 | Snake:2  | Found Duog Bol's Gadget Shoppe.
 25577 | Snake:2  | XOM: medium Ice miscast
 25639 | Snake:2  | Found Icoitil's Jewellery Shop.
 25653 | Snake:2  | Bought an uncursed ring of wizardry for 390 gold pieces
 25723 | Snake:2  | XOM: polymorph salamander -> moth of wrath
 25751 | Snake:3  | Entered Level 3 of the Snake Pit
 25755 | Snake:3  | Reached skill level 10 in Fighting
 25755 | Snake:3  | Reached skill level 10 in Short Blades
 25755 | Snake:3  | Reached skill level 10 in Long Blades
 25755 | Snake:3  | Reached skill level 10 in Axes
 25755 | Snake:3  | Reached skill level 10 in Maces & Flails
 25755 | Snake:3  | Reached skill level 10 in Polearms
 25755 | Snake:3  | Reached skill level 10 in Staves
 25755 | Snake:3  | Reached skill level 10 in Slings
 25755 | Snake:3  | Reached skill level 10 in Bows
 25755 | Snake:3  | Reached skill level 10 in Crossbows
 25755 | Snake:3  | Reached skill level 10 in Throwing
 25755 | Snake:3  | Reached skill level 10 in Armour
 25755 | Snake:3  | Reached skill level 10 in Shields
 25755 | Snake:3  | Reached skill level 10 in Unarmed Combat
 25755 | Snake:3  | Reached skill level 10 in Evocations
 25755 | Snake:3  | XOM: chaos cloud
 26053 | Snake:3  | XOM: summons friendly red devil
 26174 | Snake:3  | Found a glowing golden altar of the Shining One.
 26348 | Snake:3  | XOM: scenery: create altars
 26427 | Snake:3  | XOM: enchant monster (good)
 26434 | Snake:3  | XOM: cleaving
 26795 | Snake:3  | Noticed a nagaraja
 26808 | Snake:3  | Killed a nagaraja
 26959 | Snake:3  | XOM: cloud trail
 27093 | Snake:3  | XOM: scenery: create altars
 27096 | Snake:3  | Noticed a nagaraja
 27097 | Snake:3  | XOM: cleaving
 27097 | Snake:3  | Noticed Louise
 27139 | Snake:3  | Killed a nagaraja
 27139 | Snake:3  | Reached XP level 16. HP: 107/126 MP: 21/31
 27155 | Snake:3  | Killed Louise
 27197 | Snake:3  | XOM: scenery: 3 fountains blood, 1 doors close
 27273 | Snake:3  | Noticed a nagaraja
 27364 | Snake:3  | Noticed a nagaraja
 27379 | Snake:3  | Killed a nagaraja
 27409 | Snake:3  | Killed a nagaraja
 27849 | Snake:3  | XOM: summons friendly crimson imp
 27916 | Snake:3  | XOM is BORED!
 27916 | Snake:3  | XOM: medium Ice miscast
 27924 | Snake:3  | XOM: give mutations
 27924 | Snake:3  | Gained mutation: You are somewhat resistant to further
                  | mutation. [Xom's grace]
 27924 | Snake:3  | Gained mutation: You have sharp toenails. [Xom's grace]
 27928 | Snake:3  | XOM: scenery: create altars
 27937 | Snake:3  | XOM: scenery: create altars
 28086 | Snake:3  | Noticed a nagaraja
 28092 | Snake:3  | Killed a nagaraja
 28441 | Snake:3  | Noticed a nagaraja
 28441 | Snake:3  | Noticed Vashnia
 28469 | Snake:3  | XOM: cleaving
 28547 | Snake:3  | Killed Vashnia
 28910 | Snake:3  | Killed a nagaraja
 28934 | Snake:3  | Noticed a nagaraja
 28936 | Snake:3  | XOM: summons friendly ufetubus
 28946 | Snake:3  | Killed a nagaraja
 28946 | Snake:3  | Noticed a nagaraja
 28949 | Snake:3  | Killed a nagaraja
 29022 | Snake:3  | XOM: scenery: create altars
 29138 | Snake:3  | Got a serpentine rune of Zot
 29229 | Snake:1  | XOM: give mutations
 29229 | Snake:1  | Gained mutation: You are resistant to hostile enchantments.
                  | (MR+) [Xom's grace]
 29229 | Snake:1  | Gained mutation: Your muscles are strong. (Str +2) [Xom's
                  | grace]
 29288 | Lair:4   | XOM: scenery: create altars
 29314 | Swamp:1  | Entered Level 1 of the Swamp
 29359 | Swamp:1  | XOM: god gift: 34 gold pieces
 29554 | Swamp:1  | XOM: god gift: staff of power
 29566 | Swamp:1  | XOM: scenery: create altars
 30032 | Swamp:1  | Noticed a thorn hunter
 30391 | Swamp:2  | XOM: god gift: 60 gold pieces
 30494 | Swamp:2  | Reached XP level 17. HP: 130/134 MP: 0/33
 30555 | Swamp:2  | XOM: god gift: ration
 30737 | Swamp:2  | XOM: cloud trail
 30971 | Swamp:2  | Identified a scroll of acquirement
 31496 | Swamp:3  | Entered Level 3 of the Swamp
 31501 | Swamp:3  | XOM: summons 4 friendly demons
 31613 | Swamp:3  | XOM: summons 8 friendly demons
 31617 | Swamp:3  | XOM: potion effect (might)
 31656 | Swamp:3  | XOM: polymorph thorn hunter -> thorn hunter
 31663 | Swamp:3  | XOM: blink monster(s)
 31667 | Swamp:3  | XOM: harmless Hex miscast
 31879 | Swamp:3  | XOM: divination: magic mapping
 31882 | Swamp:3  | XOM: harmless Hex miscast
 31977 | Swamp:3  | XOM: harmless Air miscast
 31986 | Swamp:2  | XOM: divination: detect creatures
 32288 | Swamp:3  | XOM: potion effect (might)
 32491 | Swamp:3  | XOM: harmless Erth miscast
 32493 | Swamp:3  | XOM: potion effect (invisibility)
 32503 | Swamp:3  | XOM: cast spell 'Olgreb's Toxic Radiance'
 32514 | Swamp:3  | XOM: summons 3 friendly demons
 32656 | Swamp:3  | Noticed Nikola
 32659 | Swamp:3  | XOM: potion effect (haste)
 32660 | Swamp:3  | XOM: potion effect (haste)
 32669 | Swamp:3  | Killed Nikola
 32839 | Swamp:3  | XOM: fog
 32856 | Swamp:3  | XOM: scenery: create altars
 32873 | Swamp:3  | XOM: summons 5 friendly demons
 32899 | Swamp:3  | HP: 2/134 [spectral alligator[a ghost crab] (9)]
 32901 | Swamp:3  | Engulfed by a ghost crab's spectral mist

Skill      XL: |  1  2  3  4  5  6  7  8  9 10 11 12 13 14 15 16 17 |
---------------+----------------------------------------------------+-----
Spellcasting   | 5 6 7 8 9 10 11 12 | 12.4
Invocations    | 1 2 3 4 5 6 7 8 9 10 11 12 | 12.4
Fighting       | 1 2 3 4 5 6 7 8 9 10 11 | 11.5
Short Blades   | 1 2 3 4 5 6 7 8 9 10 11 | 11.5
Long Blades    | 1 2 3 4 5 6 7 8 9 10 11 | 11.5
Axes           | 1 2 3 4 5 6 7 8 9 10 11 | 11.5
Maces & Flails | 1 2 3 4 5 6 7 8 9 10 11 | 11.5
Polearms       | 1 2 3 4 5 6 7 8 9 10 11 | 11.5
Staves         | 1 2 3 4 5 6 7 8 9 10 11 | 11.5
Slings         | 1 2 3 4 5 6 7 8 9 10 11 | 11.5
Bows           | 1 2 3 4 5 6 7 8 9 10 11 | 11.5
Crossbows      | 1 2 3 4 5 6 7 8 9 10 11 | 11.5
Throwing       | 1 2 3 4 5 6 7 8 9 10 11 | 11.5
Armour         | 1 2 3 4 5 6 7 8 9 10 11 | 11.5
Shields        | 1 2 3 4 5 6 7 8 9 10 11 | 11.5
Unarmed Combat | 1 2 3 4 5 6 7 8 9 10 11 | 11.5
Evocations     | 1 2 3 4 5 6 7 8 9 10 11 | 11.5
Hexes          | 1 2 3 4 5 6 7 8 9 |  9.8
Charms         | 1 2 3 4 5 6 7 8 9 |  9.8
Summonings     | 1 2 3 4 5 6 7 8 9 |  9.8
Necromancy     | 1 2 3 4 5 6 7 8 9 |  9.8
Translocations | 1 2 3 4 5 6 7 8 9 |  9.8
Transmutations | 1 2 3 4 5 6 7 8 9 |  9.8
Fire Magic     | 1 2 3 4 5 6 7 8 9 |  9.8
Ice Magic      | 1 2 3 4 5 6 7 8 9 |  9.8
Air Magic      | 1 2 3 4 5 6 7 8 9 |  9.8
Earth Magic    | 1 2 3 4 5 6 7 8 9 |  9.8
Poison Magic   | 1 2 3 4 5 6 7 8 9 |  9.8
Dodging        | 5 6 7 8 9 10 11 12 | 12.2
Stealth        | 5 6 7 8 9 10 11 12 | 12.2
Conjurations   | 8 9 10 11 | 11.9

Action                   |  1- 3 |  4- 6 |  7- 9 | 10-12 | 13-15 | 16-18 || total
-------------------------+-------+-------+-------+-------+-------+-------++-------
Melee: Dagger            |     8 |     1 |       |       |       |       ||     9
       Bite              |     2 |       |     8 |    20 |    16 |     9 ||    55
       Rapier            |       |     5 |     6 |    10 |     7 |       ||    28
       Whip              |       |       |    38 |       |    18 |       ||    56
       Staff             |       |       |    28 |   170 |    15 |    10 ||   223
       War axe           |       |       |     7 |       |       |       ||     7
       Kick              |       |       |     6 |    51 |    32 |    19 ||   108
       Punch             |       |       |       |     2 |       |       ||     2
       Long sword        |       |       |       |    16 |    98 |       ||   114
       Shillelagh        |       |       |       |       |    24 |       ||    24
       Headbutt          |       |       |       |       |     5 |    17 ||    22
       Demon trident     |       |       |       |       |       |    82 ||    82
Throw: Stone             |       |     7 |    19 |    30 |     5 |       ||    61
       Tomahawk          |       |       |       |       |    38 |    22 ||    60
 Cast: Magic Dart        |    66 |    39 |    39 |   130 |    80 |    93 ||   447
       Searing Ray       |     3 |     9 |    10 |     6 |     1 |       ||    29
       Iskenderun's Myst |       |    12 |    63 |   215 |   365 |   333 ||   988
       Confuse           |       |       |     2 |     8 |     5 |       ||    15
       Irradiate         |       |       |       |    39 |    52 |    39 ||   130
       Tukima's Dance    |       |       |       |       |    19 |    24 ||    43
       Borgnjor's Vile C |       |       |       |       |     7 |       ||     7
       Icicle Burst      |       |       |       |       |       |     1 ||     1
Evoke: Wand              |       |       |       |     6 |       |     1 ||     7
       Staff of power    |       |       |       |       |       |    12 ||    12
  Use: Scroll            |     2 |     2 |     3 |    18 |     9 |     7 ||    41
       Potion            |       |       |       |     1 |     3 |     6 ||    10
 Stab: Sleeping          |       |     2 |       |       |     2 |       ||     4
       Confused          |       |       |     3 |     3 |     6 |       ||    12
       Distracted        |       |       |       |     1 |       |     3 ||     4
       Petrified         |       |       |       |       |     3 |       ||     3
  Eat: Chunk             |     2 |     7 |    10 |    20 |    24 |     3 ||    66
       Ration            |       |       |     1 |     3 |     3 |     5 ||    12
Armor: Robe              |     1 |     2 |     2 |       |       |       ||     5
       Leather armour    |       |       |    15 |    45 |    40 |    40 ||   140
Dodge: Dodged            |     9 |    20 |   105 |   298 |   275 |   256 ||   963
Block: Buckler           |       |       |       |    38 |   109 |    85 ||   232
